 Dungeon Crawl Stone Soup version 0.24.1-14-gf8d2b50 (webtiles) character file.

Game seed: 6738632608578976536, levelgen mode: deterministic

554074 vt the Warrior (level 25, -8/142 HPs)
             Began as a Vine Stalker Wizard on Aug 17, 2020.
             Was the Champion of Cheibriados.
             Mangled by a sun demon (11 damage)
             ... summoned by a greater mummy
             ... on level 1 of the Tomb of the Ancients on Aug 18, 2020.
             The game lasted 06:04:48 (21857 turns).

vt the Warrior (Vine Stalker Wizard)               Turns: 21857, Time: 06:04:48

Health: -8/142     AC: 24    Str: 31    XL:     25   Next: 78%
Magic:  0/45       EV: 29    Int: 45    God:    Cheibriados [******]
Gold:   3043       SH:  0    Dex: 30    Spells: 1/47 levels left

rFire    + . .     SeeInvis +     - Unarmed
rCold    + + +     Gourm    .   (no shield)
rNeg     + . .     Faith    +   E - +4 troll leather armour of Cheibriados's Favour {+Inv rC+ Regen+ SInv Stlth+}
rPois    +         Spirit   +   M - +3 hat of Pondering {ponderous, MR+ MP+10 Int+5}
rElec    +         Reflect  .   o - +2 cloak
rCorr    +         Harm     .   r - +1 pair of gloves of Surprise {rC+ Str+2 Dex+3}
MR       ++++.                  h - +2 pair of boots {Stlth+}
Stlth    ++++++....             G - amulet "Hukoam" {Faith rN+ Int+2}
HPRegen  1.53/turn              F - +5 ring of protection
MPRegen  0.29/turn              p - ring of wizardry {!d}

@: resistant, slightly contaminated, lightly drained, very slow
A: fangs 3, blurry vision 2, clumsy 2, deterioration 1, low mp 1, regeneration
2, screaming 1, magic shield, antimagic bite, no potion heal 3, rot immunity
}: 4/15 runes: barnacled, slimy, silver, gossamer
a: Bend Time, Temporal Distortion, Slouch, Step From Time, Renounce Religion,
Evoke Invisibility


You were on level 1 of the Tomb of the Ancients.
You worshipped Cheibriados.
Cheibriados was exalted by your worship.
You were not hungry.

You visited 10 branches of the dungeon, and saw 47 of its levels.
You also visited: Gauntlet, Ice Cave, Wizlab and Desolation.

You collected 5982 gold pieces.
You spent 2939 gold pieces at shops.

Inventory:

Hand Weapons
 u - the +0 war axe of Oruyke Idet {flame, +Fly}
   (You found it on level 5 of the Vaults)

   It has been specially enchanted to burn those struck by it, causing extra
   injury to most foes and up to half again as much damage against particularly
   susceptible opponents.
   Big, fiery blades are also staple armaments of hydra-hunters.
   It lets you fly.
Missiles
 q - 3 throwing nets {!d !f =f}
 I - 30 boomerangs (quivered)
 V - 38 silver javelins
Armour
 h - a +2 pair of boots of stealth (worn)
   (You found it on level 5 of the Pits of Slime)
 n - the +10 large shield of Ignorance {rN+ Int-4}
   (You found it on level 12 of the Dungeon)

   It affects your intelligence (-4).
   It protects you from negative energy.
 o - a +2 cloak (worn)
   (You found it on level 13 of the Dungeon)
 r - the +1 pair of gloves of Surprise (worn) {rC+ Str+2 Dex+3}
   (You found it in an ice cave)

   It affects your strength (+2).
   It affects your dexterity (+3).
   It protects you from cold.
 E - the +4 troll leather armour of Cheibriados's Favour (worn) {+Inv rC+ Regen+ SInv Stlth+}
   (You took it off a deep elf mage on level 5 of the Vaults)

   It protects you from cold.
   It lets you see invisible.
   It lets you turn invisible.
   It increases your rate of regeneration.
   It makes you more stealthy.
 M - the +3 hat of Pondering (worn) {ponderous, MR+ MP+10 Int+5}
   (You took it off Gastronok on level 8 of the Dungeon)

   It affects your intelligence (+5).
   It affects your resistance to hostile enchantments.
   It affects your magic capacity (+10).
Magical Staves
 a - an uncursed staff of earth {!a}
   (You found it on level 12 of the Dungeon)
 x - an uncursed staff of energy {!a}
   (You found it on level 4 of the Lair of Beasts)
Jewellery
 f - the ring of Shadows {Umbra +Inv Stlth+}
   (You took it off a deep elf high priest on level 3 of the Elven Halls)

   [ring of stealth]

   It lets you turn invisible.
   It makes you more stealthy.
 p - a ring of wizardry (right hand) {!d}
   (You found it on level 3 of the Lair of Beasts)
 t - the ring of Cirefoc {rElec rF+}
   (You took it off a servant of whispers in the Desolation of Salt)

   [ring of protection from fire]

   It protects you from fire.
   It insulates you from electricity.
 F - a +5 ring of protection (left hand)
   (You found it on level 6 of the Lair of Beasts)
 G - the amulet "Hukoam" (around neck) {Faith rN+ Int+2}
   (You found it in the Desolation of Salt)

   [amulet of faith]

   It allows you to gain divine favour quickly.
   It affects your intelligence (+2).
   It protects you from negative energy.
 U - the ring "Guafefa" {rC+ rN+ MR- AC+2 Str+2}
   (You found it on level 5 of the Pits of Slime)

   [ring of protection]

   It affects your AC (+2).
   It affects your strength (+2).
   It protects you from cold.
   It protects you from negative energy.
   It affects your resistance to hostile enchantments.
Wands
 A - a wand of disintegration (31)
   (You found it in an ice cave)
 D - a wand of digging (15)
   (You took it off an orc on level 9 of the Dungeon)
 J - a wand of enslavement (15)
   (You took it off a spriggan on level 6 of the Lair of Beasts)
 N - a wand of iceblast (44)
   (You found it on level 12 of the Dungeon)
 R - a wand of acid (54)
   (You took it off a big kobold on level 8 of the Dungeon)
 W - a wand of paralysis (42)
   (You found it on level 9 of the Dungeon)
Scrolls
 e - 2 scrolls of magic mapping
 i - 15 scrolls of teleportation {@r4}
 k - 6 scrolls of blinking {!r}
 l - 3 scrolls of silence {!r}
 m - 7 scrolls of immolation
 w - 5 scrolls of fog
 y - 8 scrolls of fear
 H - 4 scrolls of summoning
 K - 15 scrolls of remove curse {@r2}
 Q - 5 scrolls of identify {@r1}
 X - 8 scrolls of amnesia
Potions
 c - a potion of magic
 j - 3 potions of invisibility
 s - 8 potions of agility
 v - 4 potions of ambrosia
 z - 3 potions of might
 B - 14 potions of curing {@q1}
 L - 3 potions of flight
 O - a potion of resistance
 T - 4 potions of brilliance
 Y - 6 potions of cancellation
 Z - 2 potions of mutation
Miscellaneous
 b - 3 phantom mirrors
 g - a lamp of fire
   (You found it in a Gauntlet)
 C - 3 boxes of beasts
 P - 2 sacks of spiders
 S - a lightning rod (4/4)
   (You found it on level 10 of the Dungeon)
Comestibles
 d - 48 rations


   Skills:
 - Level 18.0(17.6) Fighting
 + Level 15.4(15.1) Dodging
 - Level 5.0(4.7) Stealth
 - Level 16.3(15.9) Shields
 - Level 15.0(14.6) Unarmed Combat
 - Level 11.5(11.1) Spellcasting
 - Level 5.0(4.7) Conjurations
 - Level 4.0(3.7) Charms
 - Level 3.0(2.7) Summonings
 - Level 3.0(2.7) Necromancy
 - Level 1.5(1.2) Translocations
 - Level 9.2(8.9) Transmutations
 - Level 2.0(1.7) Fire Magic
 - Level 4.1(3.8) Air Magic
 - Level 15.0(14.6) Earth Magic
   Level 2.1(1.8) Poison Magic
 - Level 14.0(13.6) Invocations
 - Level 2.0(1.7) Evocations


You had one spell level left.
You knew the following spells:

 Your Spells              Type           Power        Failure   Level  Hunger
a - Irradiate             Conj/Tmut      ######....   1%          5    None
b - Lesser Beckoning      Tloc           #####.....   1%          3    None
c - Summon Butterflies    Summ           #####...     1%          1    None
d - Conjure Flame         Conj/Fire      ######..     1%          3    None
e - Borgnjor's Vile Clut  Necr/Erth      #######...   1%          5    None
g - Apportation           Tloc           #####.       1%          1    None
n - Statue Form           Tmut/Erth      #######..    1%          6    ##.....
r - Regeneration          Chrm/Necr      ######....   1%          3    None
v - Passwall              Tmut/Erth      #######.     0%          2    None
B - Blink                 Tloc           N/A          1%          2    None
D - Deflect Missiles      Chrm/Air       ######....   16%         6    ##.....
T - Shatter               Erth           ########..   73%         9    #######

Your spell library contained the following spells:

 Spells                   Type           Power        Failure   Level  Hunger
 Sandblast                Erth           ######       0%          1    None
 Animate Skeleton         Necr           N/A          1%          1    None
 Confusing Touch          Hex            ####..       1%          1    None
 Corona                   Hex            ####...      1%          1    None
 Flame Tongue             Conj/Fire      #####        1%          1    None
 Freeze                   Ice            ####         1%          1    None
 Infusion                 Chrm           ####         1%          1    None
 Magic Dart               Conj           ####         1%          1    None
 Pain                     Necr           ####         1%          1    None
 Shock                    Conj/Air       ####         1%          1    None
 Sting                    Conj/Pois      ####         1%          1    None
 Summon Small Mammal      Summ           ####         1%          1    None
 Call Imp                 Summ           #####...     1%          2    None
 Corpse Rot               Necr           N/A          1%          2    None
 Ensorcelled Hibernation  Hex/Ice        ####..       1%          2    None
 Poisonous Vapours        Pois/Air       ######       1%          2    None
 Shroud of Golubria       Chrm/Tloc      #####.       1%          2    None
 Slow                     Hex            ####....     1%          2    None
 Song of Slaying          Chrm           ######..     1%          2    None
 Swiftness                Chrm/Air       ######..     1%          2    None
 Throw Flame              Conj/Fire      ######       1%          2    None
 Throw Frost              Conj/Ice       #####.       1%          2    None
 Call Canine Familiar     Summ           #####...     1%          3    None
 Confuse                  Hex            ####....     1%          3    None
 Dazzling Spray           Conj/Hex       #####.       1%          3    None
 Gell's Gravitas          Tloc           #####.....   1%          3    None
 Inner Flame              Hex/Fire       ####....     1%          3    None
 Mephitic Cloud           Conj/Pois/Air  ######..     1%          3    None
 Ozocubu's Armour         Chrm/Ice       #####...     1%          3    None
 Portal Projectile        Hex/Tloc       ####..       1%          3    None
 Recall                   Summ/Tloc      N/A          1%          3    None
 Spectral Weapon          Hex/Chrm       #####...     1%          3    None
 Spider Form              Tmut/Pois      ######....   1%          3    None
 Static Discharge         Conj/Air       ######..     1%          3    None
 Stone Arrow              Conj/Erth      ######       1%          3    None
 Tukima's Dance           Hex            ####....     1%          3    None
 Vampiric Draining        Necr           #####.....   1%          3    None
 Airstrike                Air            ######....   1%          4    None
 Animate Dead             Necr           N/A          1%          4    None
 Force Lance              Conj/Tloc      ######..     1%          4    None
 Ice Form                 Ice/Tmut       ######..     1%          4    None
 Leda's Liquefaction      Hex/Erth       ######....   1%          4    None
 Petrify                  Tmut/Erth      #######.     1%          4    None
 Sticky Flame             Conj/Fire      ######..     1%          4    None
 Summon Lightning Spire   Summ/Air       ######..     1%          4    None
 Throw Icicle             Conj/Ice       #####...     1%          4    None
 Alistair's Intoxication  Tmut/Pois      ######..     1%          5    None
 Bolt of Magma            Conj/Fire/Erth ######....   1%          5    None
 Lee's Rapid Deconstruct  Erth           ########..   1%          5    None
 Hydra Form               Tmut           #######...   1%          6    ##.....
 Iron Shot                Conj/Erth      #######...   1%          6    ##.....
 Olgreb's Toxic Radiance  Pois           #####...     2%          4    None
 Summon Ice Beast         Ice/Summ       #####...     2%          4    None
 Iskenderun's Battlesphe  Conj/Chrm      ######..     2%          5    None
 Lightning Bolt           Conj/Air       ######....   2%          5    None
 Yara's Violent Unravell  Hex/Tmut       ######....   2%          5    None
 Bolt of Draining         Conj/Necr      ######....   3%          5    None
 Excruciating Wounds      Chrm/Necr      ######....   3%          5    None
 Fireball                 Conj/Fire      ######....   3%          5    None
 Venom Bolt               Conj/Pois      ######....   3%          5    None
 Cause Fear               Hex            ####......   4%          4    None
 Agony                    Necr           #####...     4%          5    None
 Dispel Undead            Necr           #####...     4%          5    None
 Silence                  Hex/Air        #####.....   6%          5    None
 Summon Forest            Summ/Tloc      #####.....   6%          5    None
 Summon Mana Viper        Hex/Summ       #####...     9%          5    None
 Dragon Form              Tmut           #######...   11%         7    ####...
 Conjure Ball Lightning   Conj/Air       ######....   13%         6    ##.....
 Metabolic Englaciation   Hex/Ice        ####......   14%         5    None
 Death Channel            Necr           #####.....   24%         6    ##.....
 Freezing Cloud           Conj/Ice/Air   ######....   24%         6    ##.....
 Bolt of Cold             Conj/Ice       #####.....   28%         6    ##.....
 Simulacrum               Ice/Necr       #####.....   38%         6    ##.....
 Dispersal                Tloc           #####.....   41%         6    ##.....
 Invisibility             Hex            ####....     56%         6    ##.....
 Ozocubu's Refrigeration  Ice            ####......   56%         6    ##.....
 Monstrous Menagerie      Summ           #####.....   77%         7    ####...
 Ring of Flames           Chrm/Fire      #####.....   77%         7    ####...
 Summon Greater Demon     Summ           #####.....   77%         7    ####...
 Summon Hydra             Summ           #####.....   77%         7    ####...
 Malign Gateway           Summ/Tloc      #####.....   86%         7    ####...
 Controlled Blink         Tloc           N/A          100%        8    ######.
 Discord                  Hex            ####......   100%        8    ######.
 Disjunction              Tloc           #####.....   100%        8    ######.
 Summon Horrible Things   Summ           #####.....   100%        8    ######.
 Tornado                  Air            ######....   100%        9    #######


Dungeon Overview and Level Annotations

Branches:
Dungeon (15/15)              Lair (6/6) D:10         Shoals (4/4) Lair:3
 Spider (4/4) Lair:2        Slime (5/5) Lair:6          Orc (2/2) D:11
    Elf (3/3) Orc:2        Vaults (5/5) D:14          Crypt (3/3) Vaults:3
   Tomb (1/3) Crypt:3       IceCv (visited)          WizLab (visited)
Desolation (visited)      Gauntlet (visited)
 Temple: D:4-7       Depths: D:15

Altars:
Cheibriados
Dithmenos
Gozag
Kikubaaqudgha
Nemelex Xobeh
Sif Muna
Trog
Uskayaw
Wu Jian
The Shining One
Beogh
Jiyva

Shops:
D:15 :   Orc:2 }*?*   Elf:3 (   Shoals:2 =   Shoals:4 (   Vaults:4 ?

Portals:
Trove: D:11 (give +4 ice dragon scales)

Annotations:
D:4 3 runed translucent doors (?qouqoe jera), hgbash's ghost, amateur DEEE
D:8 Harold
D:12 ignorance, exclusion: orange crystal statue
Lair:2 spider, oklob apport v, exclusion: 3 oklob plants
Lair:6 2 runed translucent doors, colesbury's ghost, journeyman CeCK
Shoals:2 exclusions: upstairs and 1 more exclusion
Shoals:3 1 exclusion
Slime:2 1 exclusion
Slime:3 Dissolution
Slime:5 1 exclusion
Elf:3 ?ea
Vaults:2 2 exclusions
Vaults:4 1 exclusion
Tomb:1 1 exclusion


Innate Abilities, Weirdness & Mutations

You have razor-sharp teeth.
You heal very quickly.
When hurt, damage is shared between your health and your magic reserves.
Your bite disrupts and absorbs the magic of your enemies.
Potions cannot restore your health.
You are immune to rotting.
Scrolls take you longer to read.
You are very clumsy. (Dex -4)
Your body sometimes deteriorates upon taking damage.
Your magical capacity is low. (-10% MP)
You occasionally shout uncontrollably at your foes.


Message History

The soul eater misses you.
You're too confused to attack without stumbling around!
You squash the soul eater like an ant!!!
You bite the soul eater, but do no damage.
The soul eater is almost dead.
The soul eater completely misses you.
A greater mummy comes into view.
The soul eater draws from the surrounding life force!
* * * LOW HITPOINT WARNING * * *
The soul eater is healed.
You're too confused to move!
The soul eater barely misses you.
You're too confused to move!
The soul eater hits you.
* * * LOW HITPOINT WARNING * * *
The greater mummy calls on the powers of darkness!
Your body is wracked with pain!
* * * LOW HITPOINT WARNING * * *
A mummy comes into view.
The soul eater closely misses you.
You squash the soul eater like an ant!!!
You kill the soul eater!
The greater mummy closely misses you.
You bump into the stone wall.
The greater mummy calls on the powers of darkness!
Your body is wracked with pain!
* * * LOW HITPOINT WARNING * * *
The mummy completely misses you. The greater mummy closely misses you.
You feel less invigorated.
You feel less confused. The greater mummy casts a spell at you.
Something smites you!
* * * LOW HITPOINT WARNING * * *
The mummy completely misses you.
The greater mummy gestures at you while chanting.
Something smites you!
* * * LOW HITPOINT WARNING * * *
Casting: Borgnjor's Vile Clutch (safe; 1% risk of failure)
Confirm with . or Enter, or press ? or * to list all spells.
Aiming: Borgnjor's Vile Clutch (safe; 1% risk of failure)
Press: ? - help, Dir - move target cursor, f - mummy
Aim: a mummy Decaying hands burst forth from the earth!
Zombie hands grab the mummy.
Zombie hands grab the greater mummy.
The zombie hands constrict the greater mummy!
The zombie hands constrict the mummy!!
An ushabti comes into view.
The greater mummy mumbles some strange words.
The mummy completely misses you.
Really read
k - 7 scrolls of blinking {!r}?
Really read with blurry vision while enemies are nearby?
The zombie hands constrict the greater mummy.
The zombie hands constrict the mummy.
You destroy the mummy!
Cheibriados appreciates the change of pace.
The greater mummy completely misses you.
The hellwing swoops through the air toward you!
The hellwing hits you.
* * * LOW HITPOINT WARNING * * *
The hellwing closely misses you.
The greater mummy calls on the powers of darkness!
Your body is wracked with pain!
* * * LOW HITPOINT WARNING * * *
The ushabti shakes and rattles deafeningly!
You begin reading the scroll.
You continue reading the scroll.
The zombie hands constrict the greater mummy!!
The hellwing completely misses you. The hellwing misses you.
The greater mummy calls on the powers of darkness!
Your body is wracked with pain!
* * * LOW HITPOINT WARNING * * *
The sun demon hits you.
* * * LOW MAGIC WARNING * * *;
* * * LOW HITPOINT WARNING * * *
You are engulfed in flames!
* * * LOW MAGIC WARNING * * *;
* * * LOW HITPOINT WARNING * * *
The hellwing completely misses you.
The hellwing hits you but does no damage.
Blink to where?
Press: ? - help, Dir - move target cursor The zombie hands lose their grip on something.
As you read the scroll of blinking {!r}, it crumbles to dust.
You revert to your normal fleshy form.
You feel stealthy.
Really read with blurry vision while enemies are nearby?
You begin reading the scroll.
You continue reading the scroll.
The greater mummy casts a spell at you. Something smites you!
* * * LOW MAGIC WARNING * * *;
* * * LOW HITPOINT WARNING * * *
As you read the scroll of fog, it crumbles to dust.
The scroll dissolves into smoke.
Okay, then.
Press: ? - help, v - describe, . - travel
Here: a sun demon (grey smoke, summoned)
The floor.
Okay, then.
You feel protected. The sun demon hits you!
* * * LOW MAGIC WARNING * * *;
* * * LOW HITPOINT WARNING * * *
You are engulfed in flames.
You resist.
* * * LOW MAGIC WARNING * * *;
* * * LOW HITPOINT WARNING * * *
The sun demon hits you!
* * * LOW MAGIC WARNING * * *
You die...

░..........▓ ....
░..........▓▓ .8.
░............▓▓▓(▓
░.$........▓▓4...▓▓▓
░.........M4........
░....§..3...........
░...§§§.............
░...§4§.............
░<.@3§§§............
░░░░░░░░░░░░░.░░.░░.
..░...░. ░░.░░░░ ░░


You could see a sun demon and a hellwing.

Vanquished Creatures
  the Royal Jelly (Slime:5)
  An ancient lich (Vaults:5)
  3 greater mummies (Tomb:1)
  4 golden dragons (Vaults:5)
  3 liches
  A Cloud Mage (WizLab)
  A tentacled monstrosity (Vaults:5)
  An Ice Fiend (IceCv)
  A deep elf blademaster (Elf:3)
  A deep elf master archer (Elf:3)
  5 titans (Vaults:5)
  Polyphemus (Shoals:4)
  23 acid blobs
  3 sphinxes
  2 ancient champions
  Gastronok (D:8)
  4 tengu reavers (Vaults:5)
  Frances (D:12)
  The ghost of Wuiby the Lord of Darkness, an adept DsFi of Kikubaaqudgha (Vaults:1)
  4 storm dragons (Vaults:5)
  6 shadow dragons (Vaults:5)
  Kirke (Spider:1)
  14 azure jellies
  The ghost of FatCowDisease the Carver, an adept DsBe of Trog (Shoals:2)
  2 revenants (Crypt:2)
  3 fire giants
  An azure jelly (shapeshifter) (Vaults:5)
  2 imperial myrmidons (Desolation)
  An orc warlord (Orc:2)
  An iron dragon (Vaults:5)
  4 emperor scorpions (Spider:4)
  Louise (Spider:2)
  4 ghost moths
  3 frost giants (Vaults:5)
  7 deep elf sorcerers
  8 vault wardens
  4 ghouls
  15 ironheart preservers
  9 very ugly things
  9 deep elf elementalists
  5 stone giants
  2 vampire knights (Crypt:1)
  11 deep elf demonologists
  6 entropy weavers
  A minotaur (Gauntlet)
  9 spark wasps
  2 halazid warlocks (Desolation)
  7 deep elf annihilators
  A dire elephant (shapeshifter) (Vaults:5)
  5 eidola
  2 crystal guardians (Desolation)
  A fire dragon (Vaults:3)
  3 deep elf death magi
  3 merfolk javelineers (Shoals:4)
  8 ettins
  A death ooze (Slime:5)
  3 blizzard demons (WizLab)
  6 yaktaur captains
  11 deep elf high priests
  5 ragged hierophants (Desolation)
  3 great orbs of eyes
  7 merfolk impalers
  10 jiangshi
  32 vault guards
  12 ogre magi
  9 servants of whispers (Desolation)
  An ice dragon (Vaults:4)
  A rakshasa (Vaults:3)
  9 peacekeepers (Desolation)
  5 merfolk avatars
  7 hydras
  5 spriggan air magi (WizLab)
  An alligator snapping turtle (Shoals:1)
  3 merfolk aquamancers (Shoals:4)
  Erica (D:10)
  An anaconda (shapeshifter) (Vaults:5)
  3 catoblepae
  A death knight (Crypt:2)
  A deep troll shaman (Vaults:5)
  9 centaur warriors
  2 ghost crabs (WizLab)
  A satyr (Shoals:3)
  3 vampire magi
  4 dancing weapons
  2 death yaks (Shoals:4)
  Urug (D:12)
  44 two-headed ogres
  4 orc high priests (Orc:2)
  A deep troll earth mage (Vaults:2)
  A storm dragon zombie (Crypt:2)
  5 large abominations (Vaults:5)
  A titan zombie (Crypt:1)
  13 skeletal warriors
  2 soul eaters (Crypt:2)
  8 shadow wraiths
  2 unseen horrors
  10 deep elf knights
  A death drake (WizLab)
  A flayed ghost (Vaults:2)
  5 deep trolls (Vaults:5)
  9 deep elf archers
  4 wizards
  A glowing orange brain (shapeshifter) (Vaults:5)
  5 sea snakes
  18 orc knights
  7 phantasmal warriors
  14 harpies
  13 ironbrand convokers
  Pikel (D:7)
  2 necromancers
  4 shining eyes
  8 cyclopes
  14 orb spiders
  51 deep elf magi
  3 human zombies
  19 wolf spiders
  11 ugly things
  8 manticores
  4 fauns (Shoals:1)
  8 orc sorcerers
  17 elephants
  2 moths of wrath (shapeshifter) (Vaults:5)
  4 merfolk sirens
  4 moths of wrath
  3 water nymphs
  6 centaur zombies
  2 naga magi (D:12)
  5 guardian serpents (Desolation)
  11 vault sentinels
  Joseph (D:8)
  An ice statue (IceCv)
  7 black mambas
  3 apocalypse crabs (WizLab)
  A water nymph (shapeshifter) (Vaults:5)
  A torpor snail (Spider:4)
  4 eyes of devastation
  2 gargoyles (Gauntlet)
  2 molten gargoyles
  A spiny frog (shapeshifter) (Vaults:5)
  6 demonic crawlers
  A kobold demonologist (D:15)
  7 spiny frogs
  A minotaur zombie (Gauntlet)
  A komodo dragon (shapeshifter) (Vaults:5)
  A golden dragon simulacrum (IceCv)
  4 anaconda simulacra (IceCv)
  A rime drake (shapeshifter) (Vaults:3)
  A rime drake (Lair:6)
  An efreet (D:15)
  16 freezing wraiths
  5 komodo dragons
  17 yaktaurs
  A guardian mummy (Tomb:1)
  A tengu conjurer (D:13)
  4 ice devils (IceCv)
  8 merfolk
  41 jumping spiders
  A merfolk (shapeshifter) (Vaults:5)
  5 polar bears
  12 trolls
  A catoblepas skeleton (Crypt:2)
  8 wind drakes
  A wolf spider simulacrum (IceCv)
  51 saltlings (Desolation)
  A harpy skeleton (Crypt:2)
  9 hippogriffs
  A raiju (shapeshifter) (Vaults:1)
  19 hornets
  9 snapping turtles
  68 slime creatures
  2 bog bodies (Crypt:1)
  4 dream sheep (Shoals:4)
  9 air elementals (WizLab)
  8 shadows
  4 water elementals
  4 dire elephant simulacra (IceCv)
  4 centaur simulacra
  13 spriggans (Lair:6)
  21 tarantellas
  4 wraiths
  7 flying skulls (Tomb:1)
  85 redbacks
  5 wyverns
  3 basilisks
  A fire elemental (Elf:3)
  37 yaks
  5 small abominations
  A golden eye (shapeshifter) (Vaults:4)
  3 golden eyes
  2 hungry ghosts
  3 hogs (Spider:1)
  A deep troll zombie (Vaults:4)
  A harpy simulacrum (IceCv)
  5 wargs (Orc:2)
  A soldier ant (shapeshifter) (Vaults:3)
  3 vampire mosquitoes (D:13)
  An acid dragon (D:14)
  A water moccasin (shapeshifter) (Vaults:3)
  4 hydra simulacra (IceCv)
  12 porcupines
  A two-headed ogre skeleton (Crypt:1)
  A soldier ant (D:10)
  An iron troll simulacrum (IceCv)
  9 water moccasins
  43 orc warriors
  4 ice beasts
  3 slaves (D:7)
  5 sky beasts
  A hornet zombie (D:9)
  6 black bears
  6 eyes of draining
  A phantom (D:7)
  An ice dragon simulacrum (Crypt:2)
  A necrophage (D:12)
  45 ogres
  7 boggarts
  12 centaurs
  A torpor snail zombie (Crypt:1)
  24 wolves
  13 crocodiles
  A human skeleton (Vaults:4)
  3 big kobolds
  A bullfrog (shapeshifter) (Vaults:5)
  20 bullfrogs
  An earth elemental (Elf:3)
  A yaktaur skeleton (Crypt:1)
  2 jellies
  7 scorpions
  A queen bee zombie (Crypt:2)
  22 killer bees
  3 electric eels
  17 howler monkeys
  7 crimson imps
  2 bullfrog zombies
  3 hounds
  A human simulacrum (Vaults:3)
  24 orc wizards
  37 orc priests
  2 bullfrog skeletons
  An iguana (D:11)
  5 worker ants
  3 spriggan simulacra (IceCv)
  A killer bee zombie (Crypt:2)
  3 troll simulacra (IceCv)
  A polar bear simulacrum (IceCv)
  2 wolf simulacra (IceCv)
  A dwarf zombie (Crypt:3)
  A tengu zombie (Crypt:2)
  A hound zombie (D:6)
  A hound skeleton (D:10)
  3 mummies (Tomb:1)
  A howler monkey zombie (D:9)
  2 worker ant zombies
  3 naga simulacra (IceCv)
  4 adders
  A gnoll (Orc:2)
  An ogre simulacrum (IceCv)
  3 shadow imps
  A swamp drake skeleton (Crypt:2)
  8 white imps (IceCv)
  8 ufetubi (IceCv)
  A dart slug (D:1)
  A leopard gecko (D:7)
  104 orcs
  2 bats
  4 giant cockroaches
  A goblin (D:2)
  A hobgoblin (D:2)
  6 jackals
  12 kobolds
  7 quokkas
  A frilled lizard (D:4)
  A leopard gecko skeleton (D:7)
  A quokka skeleton (D:6)
  A quokka zombie (D:7)
  A rat (D:1)
  A rat skeleton (Crypt:2)
  A river rat skeleton (Crypt:1)
  2 crawling corpses (Vaults:5)
  3 plants
1866 creatures vanquished.

Vanquished Creatures (collateral kills)
  2 shining eyes (Slime:5)
  A porcupine (Lair:1)
  2 orc warriors
  A killer bee (D:11)
  A howler monkey (D:4)
  An orc priest (D:6)
  A hound (D:4)
  2 iguanas (D:4)
  A hound skeleton (D:4)
  5 adders
  3 worms
  4 orcs
  A hobgoblin (D:2)
  A kobold (D:2)
  A rat (D:2)
27 creatures vanquished.

Vanquished Creatures (others)
  A centaur warrior (Vaults:3)
  A deep troll (Vaults:3)
  A rime drake (shapeshifter) (Vaults:5)
  A redback (Spider:3)
  A slave (D:7)
  A centaur (D:15)
  A killer bee (D:11)
  2 orc priests
  An orc wizard (D:7)
  A white imp (IceCv)
  2 orcs (D:7)
  46 fungi
  16 plants
75 creatures vanquished.

Grand Total: 1968 creatures vanquished

Notes
Turn   | Place    | Note
-------+----------+-------------------------------------------
     0 | D:1      | vt the Vine Stalker Wizard began the quest for the Orb.
     0 | D:1      | Reached XP level 1. HP: 9/9 MP: 5/5
   133 | D:1      | Found a snail-covered altar of Cheibriados.
   141 | D:1      | Became a worshipper of Cheibriados the Contemplative
   205 | D:1      | Reached skill level 2 in Conjurations
   205 | D:1      | Reached XP level 2. HP: 7/13 MP: 2/7
   210 | D:1      | Learned a level 2 spell: Call Imp
   213 | D:1      | Learned a level 2 spell: Blink
   450 | D:2      | Reached skill level 2 in Summonings
   553 | D:3      | Reached XP level 3. HP: 16/16 MP: 5/8
   576 | D:2      | HP: 4/16 [kobold/+0 hand axe (6)]
   580 | D:2      | HP: 1/16 [kobold/+0 hand axe (1)]
   694 | D:3      | Learned a level 3 spell: Conjure Flame
   801 | D:3      | Reached * piety under Cheibriados
   847 | D:4      | Reached skill level 4 in Spellcasting
   847 | D:4      | Gained mutation: Your natural rate of healing is unusually
                  | fast. [Vine Stalker growth]
   847 | D:4      | Reached XP level 4. HP: 21/21 MP: 6/11
   893 | D:4      | Learned a level 3 spell: Mephitic Cloud
   917 | D:4      | Reached skill level 1 in Fire Magic
   994 | D:4      | Found a runed translucent gate.
   994 | D:4      | Found a runed translucent gate.
   994 | D:4      | Found a runed translucent gate.
  1010 | D:4      | Noticed hgbash's ghost (amateur DEEE)
  1023 | D:4      | Found a sparkling altar of Nemelex Xobeh.
  1024 | D:4      | Found an opulent altar of Gozag.
  1089 | D:4      | Reached skill level 1 in Air Magic
  1089 | D:4      | Reached skill level 1 in Poison Magic
  1089 | D:4      | Reached XP level 5. HP: 21/24 MP: 3/12
  1191 | D:4      | You fall into a shaft and drop 2 floors!
  1214 | D:6      | Reached skill level 3 in Conjurations
  1326 | D:6      | well i guess that's that then
  1328 | D:6      | Gained mutation: You are partially covered in molten
                  | scales. (AC +2) [potion of mutation]
  1328 | D:6      | Gained mutation: You tend to lose your temper in combat.
                  | [potion of mutation]
  1328 | D:6      | Gained mutation: Your muscles are strong. (Str +2) [potion
                  | of mutation]
  1362 | D:6      | Reached XP level 6. HP: 28/28 MP: 2/13
  1386 | D:6      | Reached skill level 2 in Fire Magic
  1408 | D:6      | Reached ** piety under Cheibriados
  1408 | D:6      | Reached skill level 2 in Air Magic
  1408 | D:6      | Reached skill level 2 in Poison Magic
  1452 | D:6      | Reached skill level 4 in Conjurations
  1532 | D:6      | Found an ancient bone altar of Kikubaaqudgha.
  1535 | D:6      | Noticed an ice beast
  1646 | D:6      | Killed an ice beast
  1646 | D:6      | Reached skill level 2 in Dodging
  1646 | D:6      | Reached XP level 7. HP: 32/32 MP: 9/14
  1793 | D:7      | Noticed Pikel
  1894 | D:7      | Killed Pikel
  1894 | D:7      | Reached skill level 5 in Dodging
  1894 | D:7      | Gained mutation: You have razor-sharp teeth. [Vine Stalker
                  | growth]
  1894 | D:7      | Reached XP level 8. HP: 20/36 MP: 7/15
  2021 | D:6      | Reached skill level 1 in Fighting
  2075 | D:7      | Reached skill level 2 in Fighting
  2108 | D:7      | Found a hide-covered altar of Uskayaw.
  2198 | D:7      | Reached skill level 3 in Fighting
  2454 | D:8      | Found a shadowy altar of Dithmenos.
  2470 | D:8      | Reached skill level 4 in Fighting
  2530 | D:8      | Reached skill level 6 in Dodging
  2539 | D:8      | Reached *** piety under Cheibriados
  2575 | D:8      | Noticed Harold
  2601 | D:8      | Noticed Gastronok
  2627 | D:8      | Killed Gastronok
  2627 | D:8      | Reached skill level 8 in Invocations
  2627 | D:8      | Reached XP level 9. HP: 28/45 MP: 11/16
  2743 | D:8      | Reached XP level 10. HP: 49/49 MP: 17/17
  2756 | D:8      | Noticed Joseph
  2774 | D:8      | Killed Joseph
  2774 | D:8      | Reached skill level 7 in Dodging
  2877 | D:7      | Found an ornate altar of the Wu Jian Council.
  2969 | D:7      | Learned a level 2 spell: Passwall
  3261 | D:8      | Found a bloodstained altar of Trog.
  3456 | D:9      | Reached skill level 5 in Fighting
  3470 | D:9      | Reached skill level 1 in Unarmed Combat
  3473 | D:9      | Reached **** piety under Cheibriados
  3473 | D:9      | Reached skill level 2 in Unarmed Combat
  3544 | D:9      | Lost mutation: You tend to lose your temper in combat.
                  | [potion of mutation]
  3544 | D:9      | Gained mutation: Your magical capacity is low. (-10% MP)
                  | [potion of mutation]
  3544 | D:9      | Lost mutation: You are partially covered in molten scales.
                  | (AC +2) [potion of mutation]
  3544 | D:9      | Gained mutation: You are resistant to hostile enchantments.
                  | (MR+) [potion of mutation]
  3563 | D:9      | Reached skill level 3 in Unarmed Combat
  3635 | D:9      | oh
  3695 | D:9      | Found a glowing golden altar of the Shining One.
  3765 | D:10     | Entered Level 10 of the Dungeon
  3787 | D:10     | Reached skill level 4 in Unarmed Combat
  3805 | D:10     | Noticed Erica
  3851 | D:10     | Killed Erica
  3851 | D:10     | Reached skill level 5 in Unarmed Combat
  3890 | D:11     | Noticed a four-headed hydra
  3896 | D:11     | Reached skill level 6 in Unarmed Combat
  3898 | D:11     | Killed a one-headed hydra
  3898 | D:11     | Reached skill level 7 in Unarmed Combat
  3898 | D:11     | Reached XP level 11. HP: 38/55 MP: 16/16
  4147 | D:11     | Reached ***** piety under Cheibriados
  4212 | D:10     | Reached skill level 8 in Unarmed Combat
  4323 | D:10     | Reached skill level 9 in Unarmed Combat
  4532 | D:10     | Reached skill level 10 in Unarmed Combat
  4538 | D:10     | Learned a level 4 spell: Petrify
  4552 | D:10     | Reached skill level 1 in Transmutations
  4552 | D:10     | Reached skill level 1 in Earth Magic
  4693 | D:9      | Reached skill level 2 in Transmutations
  4693 | D:9      | Reached skill level 2 in Earth Magic
  4750 | D:11     | Noticed a cyclops
  4757 | D:10     | Killed a cyclops
  4779 | D:11     | Reached skill level 3 in Transmutations
  4779 | D:11     | Reached skill level 3 in Earth Magic
  4787 | D:11     | Noticed a deep elf mage
  4801 | D:11     | Killed a deep elf mage
  4810 | D:11     | Reached skill level 4 in Earth Magic
  4878 | D:12     | Found a runed translucent door.
  4881 | D:12     | Noticed Urug
  4915 | D:12     | Killed Urug
  4915 | D:12     | Gained mutation: You heal very quickly. [Vine Stalker
                  | growth]
  4915 | D:12     | Reached XP level 12. HP: 44/60 MP: 17/17
  4931 | D:12     | Found the +10 large shield of Ignorance {rN+ Int-4}
  4943 | D:12     | Found a runed translucent door.
  5025 | D:12     | Noticed Frances
  5068 | D:12     | Identified the +6 battleaxe of Slow Death {freeze, Dex+4}
  5088 | D:12     | Reached skill level 11 in Unarmed Combat
  5216 | D:10     | Found a staircase to the Lair.
  5224 | Lair:1   | Entered Level 1 of the Lair of Beasts
  5533 | Lair:2   | Reached skill level 12 in Unarmed Combat
  5583 | Lair:2   | Reached skill level 8 in Dodging
  5711 | Lair:2   | Reached skill level 6 in Fighting
  5843 | Lair:3   | Reached skill level 7 in Fighting
  6043 | Lair:4   | Reached ****** piety under Cheibriados
  6099 | Lair:2   | Got a steaming golden ring
  6101 | Lair:2   | Identified the ring of Cuerono {Fire rPois rN++ Slay+3}
                  | (You found it on level 2 of the Lair of Beasts)
  6254 | Lair:2   | Reached skill level 1 in Evocations
  6371 | Lair:3   | Noticed a seven-headed hydra
  6376 | Lair:3   | Killed a four-headed hydra
  6376 | Lair:3   | Reached skill level 8 in Fighting
  6376 | Lair:3   | Reached XP level 13. HP: 35/68 MP: 15/18
  6522 | Lair:4   | Reached skill level 9 in Invocations
  6654 | Lair:3   | Found a staircase to the Shoals.
  6969 | Lair:5   | Reached skill level 10 in Invocations
  7137 | Lair:6   | Entered Level 6 of the Lair of Beasts
  7252 | Lair:6   | Reached skill level 11 in Invocations
  7267 | Lair:6   | Found a large runed translucent door.
  7267 | Lair:6   | Found a large runed translucent door.
  7271 | Lair:6   | Noticed colesbury's ghost (journeyman CeCK)
  7272 | Lair:6   | Found the +7 mace of Variability {chain chaos}
  7410 | Lair:5   | Reached skill level 12 in Invocations
  7632 | Lair:6   | Reached skill level 13 in Unarmed Combat
  7636 | Lair:6   | Reached skill level 1 in Shields
  7678 | Lair:6   | Reached skill level 2 in Shields
  7678 | Lair:6   | Reached XP level 14. HP: 73/73 MP: 21/21
  7697 | Lair:6   | Reached skill level 3 in Shields
  7781 | Lair:6   | Reached skill level 4 in Shields
  7868 | Lair:6   | Found a viscous altar of Jiyva.
  7869 | Lair:6   | Found a staircase to the Slime Pits.
  8345 | D:12     | Identified the Compendium of Ashen Flight
  8366 | D:12     | Identified Sif Muna's Catalogue of Sinister Augmentations
  8384 | D:12     | Identified the Catalogue of Feathery Boosts
  8395 | D:12     | Identified the Compendium of Noxious Stones
  8407 | D:12     | Found a shimmering blue altar of Sif Muna.
  8441 | D:12     | Noticed a deep elf sorcerer
  8445 | D:12     | lol ok
  8452 | D:12     | Reached skill level 14 in Unarmed Combat
  8457 | D:12     | Killed a deep elf sorcerer
  8459 | D:12     | Reached skill level 5 in Spellcasting
  8468 | D:12     | Learned a level 5 spell: Borgnjor's Vile Clutch
  8528 | D:12     | Noticed a deep elf sorcerer
  8532 | D:12     | Killed a deep elf sorcerer
  8532 | D:12     | Reached skill level 2 in Necromancy
  8543 | D:12     | Identified the Grimoire of the Entrancing Snowflakes
  8565 | D:12     | booyah
  8616 | D:12     | Learned a level 6 spell: Statue Form
  8733 | D:11     | Reached skill level 3 in Necromancy
  8769 | D:11     | Found a portal to a secret trove of treasure.
  8834 | D:11     | Got a smoking ring mail
  8844 | D:11     | Identified the +1 ring mail "Jole Uhe" {+Inv rC++ MR+
                  | Str-2} (You found it on level 11 of the Dungeon)
  9043 | D:13     | Reached skill level 4 in Transmutations
  9043 | D:13     | Reached skill level 5 in Earth Magic
  9074 | D:13     | Reached skill level 5 in Transmutations
  9099 | D:13     | Reached skill level 6 in Earth Magic
  9335 | D:13     | Reached skill level 6 in Transmutations
  9342 | D:13     | You fall into a shaft and drop 2 floors!
  9342 | D:15     | Entered Level 15 of the Dungeon
  9348 | D:15     | Reached XP level 15. HP: 77/77 MP: 18/22
  9351 | D:15     | Reached skill level 7 in Earth Magic
  9390 | D:14     | Found a gate leading to a gauntlet.
  9396 | Gauntlet | Entered a Gauntlet
  9396 | Gauntlet | Found a transporter.
  9402 | Gauntlet | Found a transporter.
  9403 | Gauntlet | Found a transporter.
  9403 | Gauntlet | Found a transporter.
  9422 | Gauntlet | Found a transporter.
  9430 | Gauntlet | Found a transporter.
  9436 | Gauntlet | Found a transporter.
  9439 | Gauntlet | Gained mutation: You occasionally shout uncontrollably at
                  | your foes. [miscasting Statue Form]
  9439 | Gauntlet | Lost mutation: Your muscles are strong. (Str +2)
                  | [miscasting Statue Form]
  9451 | Gauntlet | Found a transporter.
  9487 | Gauntlet | Found a transporter.
  9501 | Gauntlet | Reached skill level 7 in Transmutations
  9535 | Gauntlet | Found a transporter.
  9544 | Gauntlet | Identified the +6 flail "Ceroejep" {crush, rElec rN+}
  9580 | Gauntlet | Got an ebony rapier
  9580 | Gauntlet | Identified the +6 rapier of Wu Jian's Pride {drain, -Tele
                  | rN+ Int+2} (You found it in a Gauntlet)
  9610 | D:14     | Reached skill level 8 in Earth Magic
  9690 | D:13     | oh i have one
  9781 | D:14     | Found a gate to the Vaults.
  9792 | D:14     | Reached skill level 6 in Spellcasting
  9796 | D:14     | Reached skill level 8 in Transmutations
  9877 | D:14     | Learned a level 1 spell: Apportation
  9988 | D:15     | Reached skill level 7 in Spellcasting
  9995 | D:15     | Learned a level 5 spell: Irradiate
 10023 | D:15     | Found Fiunif's Book Shop.
 10046 | D:15     | Bought a book of Enchantments for 600 gold pieces
 10133 | D:14     | Reached skill level 8 in Spellcasting
 10178 | D:14     | Found an opulent altar of Gozag.
 10483 | D:12     | Killed Frances
 10483 | D:12     | Reached skill level 9 in Spellcasting
 10494 | D:12     | Reached skill level 3 in Air Magic
 10668 | D:11     | Found a staircase to the Orcish Mines.
 10669 | D:11     | Identified a scroll of acquirement
 10682 | Orc:1    | Entered Level 1 of the Orcish Mines
 10930 | Orc:1    | Found a roughly hewn altar of Beogh.
 10957 | Orc:2    | Entered Level 2 of the Orcish Mines
 10988 | Orc:2    | Reached skill level 4 in Air Magic
 11117 | Orc:2    | Found a roughly hewn altar of Beogh.
 11200 | Orc:2    | Found Home's Magic Scroll Boutique.
 11206 | Orc:2    | Bought a scroll of blinking for 127 gold pieces
 11206 | Orc:2    | Bought a scroll of fear for 59 gold pieces
 11206 | Orc:2    | Bought a scroll of teleportation for 51 gold pieces
 11212 | Orc:2    | Found Dimieg's Assorted Antiques.
 11217 | Orc:2    | Reached XP level 16. HP: 83/83 MP: 27/27
 11223 | Orc:2    | Bought 3 scrolls of teleportation for 360 gold pieces
 11297 | Orc:2    | Reached skill level 9 in Fighting
 11533 | Orc:2    | Found a staircase to the Elven Halls.
 11547 | Elf:1    | Entered Level 1 of the Elven Halls
 11570 | Orc:2    | Learned a level 6 spell: Deflect Missiles
 11590 | Elf:1    | Reached skill level 1 in Charms
 11640 | Elf:2    | Reached skill level 2 in Charms
 11670 | Elf:3    | Entered Level 3 of the Elven Halls
 11670 | Elf:3    | Found Maaqiug's Weapon Shoppe.
 11764 | Elf:3    | Found a magical portal.
 11777 | WizLab   | Entered The Chambers of the Cloud Mage
 11829 | WizLab   | Reached skill level 10 in Fighting
 11926 | WizLab   | Reached skill level 3 in Charms
 12009 | WizLab   | Reached skill level 4 in Charms
 12009 | WizLab   | Noticed Both
 12020 | WizLab   | Killed Both the Cloud Mage
 12045 | WizLab   | Identified the Compendium of the Tarantula
 12060 | WizLab   | Identified a +1 pair of boots of running (You found it in a
                  | wizard's laboratory)
 12387 | Elf:3    | Reached skill level 9 in Dodging
 12390 | Elf:3    | Noticed a deep elf blademaster
 12392 | Elf:3    | Noticed a deep elf master archer
 12395 | Elf:3    | Killed a deep elf blademaster
 12395 | Elf:3    | Reached skill level 15 in Unarmed Combat
 12404 | Elf:3    | Reached skill level 10 in Dodging
 12404 | Elf:3    | Reached XP level 17. HP: 48/89 MP: 11/28
 12458 | Elf:3    | Noticed a Tzitzimitl
 12527 | Elf:3    | Reached skill level 11 in Fighting
 12533 | Elf:3    | Identified the +5 mace of the Scorpion {crush, Fragile
                  | rElec rF- Str+8}
 12568 | Elf:3    | Killed a deep elf master archer
 12595 | Elf:3    | Identified the +6 quarterstaff of Tisaizo {freeze, rF++}
 12595 | Elf:3    | Identified the amulet of Emufad {RegenMP Int+7 Slay-5}
 12623 | Elf:3    | Identified the +6 flail "Detuweaf" {pain, rN+} (You found
                  | it on level 3 of the Elven Halls)
 12645 | Elf:3    | Learned a level 1 spell: Summon Butterflies
 12668 | Elf:3    | Identified the +0 ring mail of the Unbroken {rElec SInv}
                  | (You found it on level 3 of the Elven Halls)
 12669 | Elf:3    | Identified the +0 pair of gloves "Roddare" {MR+++ rCorr
                  | Str-2} (You found it on level 3 of the Elven Halls)
 12682 | Elf:3    | idk
 12691 | Elf:3    | Got an iridescent long sword
 12691 | Elf:3    | Identified the cursed +1 long sword of Dishonesty {slice,
                  | rElec rF+ rC- Dex+3} (You found it on level 3 of the Elven
                  | Halls)
 13040 | Orc:2    | Reached skill level 12 in Fighting
 13053 | Orc:2    | Found Kouthoaz's Gadget Shop.
 13064 | Orc:2    | Bought a wand of digging (5) for 198 gold pieces
 13075 | Orc:2    | Found a roughly hewn altar of Beogh.
 13127 | Orc:2    | Found Vihuph's General Store.
 13151 | Orc:2    | Bought a potion of agility for 60 gold pieces
 13151 | Orc:2    | Bought a box of beasts for 300 gold pieces
 13151 | Orc:2    | Bought a scroll of amnesia for 52 gold pieces
 13444 | Lair:2   | Got an ancient flail
 13445 | Lair:2   | Identified the +5 flail of Mafat {venom, rElec rPois
                  | Stlth+} (You found it on level 2 of the Lair of Beasts)
 13483 | Lair:2   | Found a hole to the Spider Nest.
 13505 | Spider:1 | Entered Level 1 of the Spider Nest
 13608 | Spider:1 | Reached skill level 2 in Evocations
 13842 | Spider:2 | Reached skill level 13 in Invocations
 13851 | Spider:1 | Reached skill level 5 in Shields
 13893 | Spider:2 | Noticed Kirke
 13908 | Spider:1 | Reached skill level 6 in Shields
 13927 | Spider:1 | Killed Kirke
 14105 | Spider:2 | Reached skill level 7 in Shields
 14140 | Spider:3 | Reached XP level 18. HP: 98/98 MP: 28/28
 14160 | Spider:2 | Noticed Louise
 14171 | Spider:2 | Killed Louise
 14171 | Spider:2 | Reached skill level 8 in Shields
 14243 | Spider:3 | Reached skill level 9 in Shields
 14275 | Spider:4 | Entered Level 4 of the Spider Nest
 14423 | Spider:4 | Reached skill level 10 in Shields
 14540 | Spider:4 | Reached skill level 11 in Shields
 14570 | Spider:4 | Got a gossamer rune of Zot
 14987 | Shoals:1 | Entered Level 1 of the Shoals
 15105 | Shoals:1 | Found a frozen archway.
 15108 | Shoals:1 | Reached skill level 12 in Shields
 15175 | IceCv    | Entered an ice cave
 15568 | IceCv    | Noticed an Ice Fiend
 15618 | IceCv    | Killed an Ice Fiend
 15653 | IceCv    | Reached XP level 19. HP: 102/102 MP: 30/30
 15675 | IceCv    | Identified the +1 pair of gloves of Surprise {rC+ Str+2
                  | Dex+3} (You found it in an ice cave)
 15959 | Shoals:2 | Found a runed translucent door.
 15964 | Shoals:2 | Noticed FatCowDisease's ghost (adept DsBe)
 15980 | Shoals:2 | Killed FatCowDisease's ghost
 15983 | Shoals:2 | Identified the +0 leather armour "Hylih" {rN+} (You found
                  | it on level 2 of the Shoals)
 15990 | Shoals:2 | Found Obokleqi's Jewellery Boutique.
 16060 | Shoals:3 | Reached skill level 13 in Shields
 16085 | Shoals:4 | Entered Level 4 of the Shoals
 16117 | Shoals:4 | Learned a level 3 spell: Regeneration
 16145 | Shoals:4 | Noticed Polyphemus
 16159 | Shoals:4 | Killed Polyphemus
 16382 | Shoals:4 | Found Plog's Weapon Shop.
 16481 | Shoals:4 | Got a barnacled rune of Zot
 16484 | Shoals:4 | Reached skill level 9 in Earth Magic
 16499 | Shoals:4 | Reached skill level 14 in Shields
 16898 | Slime:1  | Entered Level 1 of the Pits of Slime
 16994 | Slime:1  | Reached skill level 15 in Shields
 17050 | Slime:3  | Noticed Dissolution
 17130 | Slime:3  | Reached XP level 20. HP: 107/107 MP: 31/31
 17134 | Slime:3  | Reached skill level 9 in Transmutations
 17142 | Slime:3  | Learned a level 4 spell: Summon Lightning Spire
 17150 | Slime:3  | Reached skill level 10 in Earth Magic
 17187 | Slime:4  | Gained mutation: You are frail. (-10% HP) [a shining eye]
 17190 | Slime:4  | Reached skill level 3 in Summonings
 17206 | Slime:5  | Entered Level 5 of the Pits of Slime
 17240 | Slime:4  | Reached skill level 11 in Earth Magic
 17438 | Slime:5  | Found a viscous altar of Jiyva.
 17439 | Slime:5  | Noticed the Royal Jelly
 17448 | Slime:5  | Killed the Royal Jelly
 17448 | Slime:5  | Reached skill level 16 in Shields
 17448 | Slime:5  | Gained mutation: You are weak. (Str -2) [a shining eye]
 17507 | Slime:5  | Gained mutation: You are clumsy. (Dex -2) [a shining eye]
 17509 | Slime:5  | ....
 17513 | Slime:5  | Gained mutation: Scrolls take you a little longer to read.
                  | [a shining eye]
 17561 | Slime:5  | Identified the ring "Guafefa" {rC+ rN+ MR- AC+2 Str+2} (You
                  | found it on level 5 of the Pits of Slime)
 17594 | Slime:5  | Reached XP level 21. HP: 100/100 MP: 31/32
 17615 | Slime:5  | Got a slimy rune of Zot
 17737 | Lair:6   | Lost mutation: You are frail. (-10% HP) [potion of
                  | mutation]
 17737 | Lair:6   | Lost mutation: You are weak. (Str -2) [potion of mutation]
 17737 | Lair:6   | Lost mutation: You are resistant to hostile enchantments.
                  | (MR+) [potion of mutation]
 17737 | Lair:6   | Gained mutation: You are very clumsy. (Dex -4) [potion of
                  | mutation]
 17737 | Lair:6   | Lost mutation: Your magical capacity is low. (-10% MP)
                  | [potion of mutation]
 18035 | Vaults:1 | Entered Level 1 of the Vaults
 18140 | Vaults:1 | Found a runed translucent gate.
 18140 | Vaults:1 | Found a runed translucent gate.
 18140 | Vaults:1 | Found a runed translucent gate.
 18142 | Vaults:1 | Noticed Wuiby's ghost (adept DsFi)
 18165 | Vaults:1 | Reached skill level 10 in Spellcasting
 18176 | Vaults:1 | Killed Wuiby's ghost
 18224 | Vaults:1 | Learned a level 3 spell: Lesser Beckoning
 18290 | Vaults:1 | Reached skill level 13 in Fighting
 18312 | Vaults:2 | Reached XP level 22. HP: 118/118 MP: 37/37
 18334 | Vaults:2 | Got an ebony fustibalus
 18334 | Vaults:2 | Identified the +1 fustibalus "Beetlebane" {speed, Dex+2}
                  | (You found it on level 2 of the Vaults)
 18557 | Vaults:2 | Found a ruined gateway.
 18567 | Desolati | Entered the Desolation of Salt
 18635 | Desolati | Reached skill level 11 in Dodging
 18664 | Desolati | Got a crude silver amulet
 18664 | Desolati | Identified the amulet "Vezoz Eggu" {+Rage rPois Int+2} (You
                  | found it in the Desolation of Salt)
 18672 | Desolati | Got a smoking morningstar
 18672 | Desolati | Identified the +3 morningstar of Cataclysm {drain, *Drain
                  | rC+ Stlth+} (You found it in the Desolation of Salt)
 18745 | Desolati | Got a transparent hand axe
 18745 | Desolati | Identified the +8 hand axe of Ravage {flame, rElec rPois
                  | Str+3} (You found it in the Desolation of Salt)
 18757 | Desolati | Got a warped bronze ring
 18760 | Desolati | Identified the ring "Ruoboe" {Dex+3 Stlth+} (You found it
                  | in the Desolation of Salt)
 18949 | Desolati | Reached skill level 14 in Fighting
 19001 | Desolati | Identified the ring of Cirefoc {rElec rF+}
 19017 | Desolati | Identified Ybuupol's Tome of Necromancy
 19020 | Desolati | Got a glittering graven amulet
 19020 | Desolati | Identified the amulet "Hukoam" {Faith rN+ Int+2} (You found
                  | it in the Desolation of Salt)
 19110 | Vaults:3 | You fall into a shaft and drop 1 floor!
 19161 | Vaults:4 | Reached skill level 12 in Dodging
 19220 | Vaults:3 | Found a staircase to the Crypt.
 19236 | Vaults:3 | Reached skill level 15 in Fighting
 19300 | Vaults:4 | Found Qujucl Ziedo's Magic Scroll Emporium.
 19314 | Vaults:4 | Bought a scroll of blinking for 157 gold pieces
 19314 | Vaults:4 | Bought 2 scrolls of immolation for 147 gold pieces
 19314 | Vaults:4 | Bought a scroll of blinking for 157 gold pieces
 19314 | Vaults:4 | Bought a scroll of magic mapping for 73 gold pieces
 19314 | Vaults:4 | Bought a scroll of teleportation for 63 gold pieces
 19314 | Vaults:4 | Bought 3 scrolls of silence for 472 gold pieces
 19314 | Vaults:4 | Bought a scroll of teleportation for 63 gold pieces
 19465 | Vaults:3 | Reached XP level 23. HP: 126/126 MP: 28/38
 19747 | Vaults:2 | Reached skill level 14 in Invocations
 19860 | Vaults:4 | Reached skill level 13 in Dodging
 19959 | Vaults:4 | Reached skill level 16 in Fighting
 20028 | Vaults:4 | Reached skill level 12 in Earth Magic
 20186 | Vaults:5 | Entered Level 5 of the Vaults
 20197 | Vaults:5 | Reached skill level 3 in Stealth
 20206 | Vaults:5 | Reached skill level 4 in Stealth
 20223 | Vaults:5 | Reached skill level 13 in Earth Magic
 20236 | Vaults:5 | Reached XP level 24. HP: 133/133 MP: 38/38
 20256 | Vaults:5 | Reached skill level 14 in Earth Magic
 20291 | Vaults:5 | Reached skill level 15 in Earth Magic
 20310 | Vaults:5 | Reached skill level 5 in Stealth
 20316 | Vaults:5 | Reached skill level 11 in Spellcasting
 20338 | Vaults:5 | Reached skill level 5 in Conjurations
 20401 | Vaults:5 | Identified the +4 troll leather armour of Cheibriados's
                  | Favour {+Inv rC+ Regen+ SInv Stlth+}
 20543 | Vaults:5 | Identified the +7 mace "Denofev" {elec, rF+ Int+5} (You
                  | found it on level 5 of the Vaults)
 20576 | Vaults:5 | Got a silver rune of Zot
 20610 | Vaults:5 | Reached XP level 25. HP: 140/140 MP: 39/39
 20640 | Vaults:5 | Reached skill level 14 in Dodging
 20766 | Vaults:5 | Reached skill level 17 in Fighting
 20822 | Vaults:5 | Identified Sif Muna's Collected Works on Dark Damage
                  | Dealing
 20843 | Vaults:5 | Identified a +1 pair of boots of running (You found it on
                  | level 5 of the Vaults)
 20854 | Vaults:5 | Got a brightly glowing war axe
 20854 | Vaults:5 | Identified the cursed +0 war axe of Oruyke Idet {flame,
                  | +Fly} (You found it on level 5 of the Vaults)
 20857 | Vaults:5 | Identified the amulet of Midsummer {Faith Dex+3} (You found
                  | it on level 5 of the Vaults)
 20921 | Vaults:5 | Identified the cursed +0 scale mail of Ucoaluge {rC+}
 21011 | Vaults:5 | Noticed an ancient lich
 21017 | Vaults:5 | Killed an ancient lich
 21063 | Vaults:5 | Got a dazzling long sword
 21063 | Vaults:5 | Identified the +6 long sword of Hacking and Slashing
                  | {slice, Fragile rElec Int+3 Dex+3} (You found it on level 5
                  | of the Vaults)
 21167 | Crypt:1  | Entered Level 1 of the Crypt
 21447 | Crypt:2  | Reached skill level 15 in Dodging
 21534 | Crypt:3  | Entered Level 3 of the Crypt
 21540 | Crypt:3  | Found a staircase to the Tomb.
 21549 | Crypt:3  | Reached skill level 18 in Fighting
 21557 | Tomb:1   | Entered Level 1 of the Tomb of the Ancients
 21595 | Tomb:1   | Learned a level 9 spell: Shatter
 21615 | Tomb:1   | Gained mutation: Your body sometimes deteriorates upon
                  | taking damage. [mutagenic glow]
 21709 | Tomb:1   | Gained mutation: Scrolls take you longer to read.
                  | [mutagenic glow]
 21758 | Tomb:1   | dammit
 21792 | Tomb:1   | Gained mutation: Your magical capacity is low. (-10% MP)
                  | [mutagenic glow]
 21824 | Tomb:1   | Noticed a greater mummy
 21824 | Tomb:1   | Noticed a greater mummy
 21825 | Tomb:1   | Noticed a greater mummy
 21833 | Tomb:1   | Killed a greater mummy
 21837 | Tomb:1   | Killed a greater mummy
 21837 | Tomb:1   | HP: 45/184 [phantasmal warrior[a greater mummy] (15)]
 21840 | Tomb:1   | HP: 20/184 [something (29)]
 21841 | Tomb:1   | Killed a greater mummy
 21843 | Tomb:1   | Noticed a greater mummy
 21845 | Tomb:1   | HP: 20/184 [soul eater[a greater mummy's death curse] (2)]
 21850 | Tomb:1   | HP: 19/184 [hellwing[a greater mummy] (1)]
 21854 | Tomb:1   | HP: 7/142 [greater mummy/divine providence (6)]
 21857 | Tomb:1   | HP: 3/142 [sun demon[a greater mummy] (3)]
 21857 | Tomb:1   | Mangled by a sun demon

Levels and vault maps discovered:
D:1:      saegor_arrival_simple_d, layout_basic, cheibriados_altar_1
D:2:      layout_basic, chequers_serial_rivers_room_b
D:3:      layout_basic
D:4:      layout_basic, grunt_temple_overflow_opulence,
          minmay_temple_entry_mist, gammafunk_ghost_necromancy
D:6:      layout_basic, old_standard_altar, chequers_serial_rivers_room_a,
          nicolae_lava_and_water, minmay_crystal_water, fedhas_altar_fruit_tree
D:7:      layout_loops_ring, marbit_many_paths, basic_altar, bh_walls_and_bars,
          uniq_pikel
D:8:      layout_loops_corners, lightli_temple_of_fire,
          nicolae_dithmenos_the_darkroom, uniq_harold, uniq_joseph,
          uniq_gastronok
D:9:      layout_irregular_city, tso_oasis_becter
D:10:     layout_rooms, due_lair_maze_entry_diamond, hangedman_pestilent_swarm,
          uniq_erica
D:11:     layout_roguey, orc_0_dummy, enter_trove_3
D:12:     evilmike_library_of_no_secrets, layout_basic, minmay_misc_feat_five,
          chequers_guarded_unrand_ignorance, uniq_frances, uniq_urug
D:13:     minmay_the_grid_3x2 [minmay_the_grid_paths, minmay_the_grid_spin_star,
          minmay_the_grid_slots, minmay_the_grid_rooms, minmay_the_grid_garden,
          minmay_the_grid_prize_four_corners], layout_rooms
D:14:     layout_gridville, skrybe_vaults_entry_preservation, basic_altar,
          gauntlet_entry_generic
D:15:     grunt_enter_depths_magical_seal, layout_loops_cross, basic_altar,
          serial_shops, shop, minmay_misc_feat_plants,
          nicolae_gozag_cash_rules_everything_around_me
Lair:1:   layout_loops_ring, serial_rivers, chequers_serial_rivers_small_3,
          chequers_serial_rivers_small_3, chequers_serial_rivers_marsh,
          chequers_serial_rivers_small_3
Lair:2:   layout_cave_pods, spider_nest_entry_funnel_web, serial_bayou_pond_d,
          minmay_lair_oklob_chamber, grunt_megastairs_1, lemuel_fruit_fields
Lair:3:   layout_cave_pods, minmay_shoals_entry_centaurs, st_stairs_8,
          fungi_pond_lemuel, grunt_megastairs_3
Lair:4:   layout_long_grid, beast_lair_carwin_1
Lair:5:   layout_small_grid, st_stairs_7
Lair:6:   minmay_lair_end_enchanted_forest, layout_regular_city, slime_altar_1,
          ebering_ghost_disaster_area, serial_bayou, serial_bayou_pond_b,
          infiniplex_staircase_pool
Shoals:1: layout_shoals, portal_ice_cave_entry_frozen_things,
          nicolae_shoals_aquamancer_cove
Shoals:2: layout_shoals, gammafunk_ghost_grave, serial_shops, shop_statue
Shoals:3: layout_shoals
Shoals:4: shoals_end_simple, layout_shoals, serial_shops, shop, uniq_polyphemus
Spider:1: layout_chambers, nicolae_spider_circle_web, uniq_azrael
Spider:2: layout_spider_delve, drop_trap, uniq_louise, uniq_kirke
Spider:3: layout_spider_delve, nicolae_crawler_farm
Spider:4: spider_rune_water
Slime:1:  layout_caves, cheibrodos_slime_lost_civilization_7
Slime:2:  layout_caves
Slime:3:  layout_caves, uniq_dissolution
Slime:4:  layout_caves
Slime:5
Orc:1:    layout_diamond_mine, minmay_orc_temple_a
Orc:2:    pubby_orc_utopia
Elf:1:    elf_arrival_002, layout_geoelf_grid, basic_altar,
          hangedman_elf_disciples
Elf:2:    layout_geoelf_grid, serial_shops, shop
Elf:3:    minmay_elf_hall_not_hex, layout_geoelf_castle, serial_shops, shop,
          infiniplex_enter_wizlab_glasses, hex_tiny, hex_intersection
Vaults:1: gammafunk_vaults_ghost_spectres, nicolae_vaults_circle_grid_a,
          v_rooms_3, vaults_dpeg_hooks, v_rooms_1, v_misc_8,
          ontoclasm_vaults_gateway, layout_vaults_big_room, serial_shops,
          nicolae_shop_window_shopping
Vaults:2: v_misc_28, nicolae_vaults_circle_grid_a, hangedman_vaults_variations,
          ontoclasm_vaults_decontamination, vaults_room_corners,
          ontoclasm_vaults_ring_square, grunt_vaults_diagonal,
          ontoclasm_vaults_spin, v_alt_pattern_4, nicolae_vaults_display_case,
          v_misc_17, nicolae_vaults_little_squares_5, vaults_room_door_ring,
          vaults_room_stairs_pillars, layout_vaults_omnicross,
          portal_desolation_entry_ruin, serial_shops, shop
Vaults:3: nicolae_vaults_network_periphery, vaults_mumra_hexcomb,
          nicolae_vaults_ring_of_whatevers, v_alt_pattern_4, v_alt_pattern_4,
          vaults_dpeg_encased_lava, vaults_room_fours,
          nicolae_vaults_holding_cells, minmay_crypt_entry_simple_sparse,
          vaults_room_pool, vaults_mumra_chevron, grunt_vaults_twisty,
          layout_vaults_omnigrid
Vaults:4: dpeg_vaults_waves, ontoclasm_vaults_ring_square, v_misc_29,
          ontoclasm_vaults_chip, ontoclasm_vaults_misaligned,
          hangedman_vaults_trim, v_misc_32, layout_vaults_omnibox, serial_shops,
          shop
Vaults:5
Crypt:1:  layout_misc_corridors, uniq_sojobo
Crypt:2:  layout_rooms, basic_altar
Crypt:3:  due_elkab, layout_chaotic_city
Tomb:1

Skill      XL: |  1  2  3  4  5  6  7  8  9 10 11 12 13 14 15 16 17 18 19 20 21 22 23 24 25 |
---------------+----------------------------------------------------------------------------+-----
Conjurations   | 2 3 4 5 |  5.0
Summonings     | 2 3 |  3.0
Spellcasting   | 4 5 9 10 11 | 11.5
Fire Magic     | 1 2 |  2.0
Air Magic      | 1 2 4 |  4.1
Poison Magic   | 1 2 |  2.1
Dodging        | 2 5 6 7 8 10 12 13 15 | 15.4
Fighting       | 4 5 8 10 12 13 15 16 18 | 18.0
Invocations    | 8 12 13 14 | 14.0
Unarmed Combat | 7 10 12 13 14 15 | 15.0
Transmutations | 3 6 8 9 |  9.2
Earth Magic    | 4 6 8 9 11 13 15 | 15.0
Evocations     | 1 2 |  2.0
Shields        | 2 4 7 12 15 16 | 16.3
Necromancy     | 3 |  3.0
Charms         | 4 |  4.0
Stealth        | 4 5 |  5.0
Translocations | |  1.5

Action                   |  1- 3 |  4- 6 |  7- 9 | 10-12 | 13-15 | 16-18 | 19-21 | 22-24 | 25-27 || total
-------------------------+-------+-------+-------+-------+-------+-------+-------+-------+-------++-------
Melee: Short sword       |    22 |    48 |    40 |     1 |       |       |       |       |       ||   111
       Bite              |     4 |    13 |    29 |   285 |   370 |   314 |   261 |   351 |   102 ||  1729
       Spear             |     2 |       |    56 |    98 |    13 |       |       |       |       ||   169
       Whip              |       |       |    13 |    61 |       |       |       |       |       ||    74
       Unarmed           |       |       |       |   377 |   692 |   739 |   511 |   673 |   180 ||  3172
       Scimitar          |       |       |       |     7 |     6 |       |       |       |       ||    13
       Punch             |       |       |       |    28 |    27 |     4 |     1 |       |     1 ||    61
       Staff             |       |       |       |       |       |       |     2 |       |       ||     2
 Fire: Hunting sling     |     9 |    16 |    28 |     5 |       |       |       |       |       ||    58
Throw: Dart              |       |     8 |     9 |     1 |       |       |       |       |       ||    18
       Javelin           |       |       |       |       |     2 |       |       |     1 |     1 ||     4
       Boomerang         |       |       |       |       |    34 |    72 |    20 |     7 |       ||   133
 Cast: Magic Dart        |    16 |     8 |     4 |    39 |     8 |       |       |       |       ||    75
       Call Imp          |    16 |    18 |    16 |    13 |     1 |       |       |       |       ||    64
       Mephitic Cloud    |       |     3 |    13 |    32 |    13 |    10 |       |       |       ||    71
       Conjure Flame     |       |     8 |    14 |    41 |    26 |     3 |     2 |       |       ||    94
       Blink             |       |     1 |     1 |     7 |    34 |    33 |     7 |     5 |       ||    88
       Petrify           |       |       |       |     5 |     2 |       |       |       |       ||     7
       Passwall          |       |       |       |       |    67 |    52 |    13 |       |       ||   132
       Borgnjor's Vile C |       |       |       |       |    17 |    52 |    24 |    68 |    30 ||   191
       Statue Form       |       |       |       |       |    28 |    63 |    37 |    30 |    16 ||   174
       Apportation       |       |       |       |       |    21 |    91 |    89 |    30 |    38 ||   269
       Irradiate         |       |       |       |       |     2 |     4 |    12 |    12 |     3 ||    33
       Deflect Missiles  |       |       |       |       |       |     4 |     2 |     2 |     1 ||     9
       Summon Butterflie |       |       |       |       |       |     1 |     7 |       |       ||     8
       Regeneration      |       |       |       |       |       |       |    21 |    14 |     4 ||    39
       Summon Lightning  |       |       |       |       |       |       |     6 |     2 |     1 ||     9
       Lesser Beckoning  |       |       |       |       |       |       |       |    27 |     7 ||    34
       Shatter           |       |       |       |       |       |       |       |       |     2 ||     2
Invok: Temporal Distorti |       |       |       |     2 |     2 |       |       |       |       ||     4
       Slouch            |       |       |       |     4 |     3 |     6 |       |     6 |     2 ||    21
       Bend Time         |       |       |       |     1 |       |       |       |       |       ||     1
 Abil: End Transformatio |       |       |       |       |       |     5 |     1 |     1 |     1 ||     8
       Evoke Invisibilit |       |       |       |       |       |     3 |       |       |       ||     3
Evoke: Wand              |       |       |       |     6 |     2 |     5 |       |       |       ||    13
       Lamp of fire      |       |       |       |       |       |     1 |       |     4 |       ||     5
       Lightning rod     |       |       |       |       |       |       |       |     5 |       ||     5
  Use: Potion            |     2 |     2 |     1 |     1 |     1 |     4 |     5 |       |     3 ||    19
       Scroll            |       |     2 |       |    12 |    17 |    12 |     5 |     4 |     7 ||    59
 Stab: Sleeping          |     2 |     1 |     2 |     3 |     7 |     2 |     3 |     4 |     1 ||    25
       Distracted        |       |     1 |       |     2 |     2 |     1 |     2 |     2 |       ||    10
       Confused          |       |       |     3 |    16 |    10 |     1 |       |       |       ||    30
       Petrified         |       |       |       |    10 |     3 |       |       |       |       ||    13
       Petrifying        |       |       |       |     3 |     1 |       |       |       |       ||     4
       Paralysed         |       |       |       |     2 |       |       |       |       |       ||     2
       Invisible         |       |       |       |       |       |     6 |       |       |       ||     6
       Held in net/web   |       |       |       |       |       |     1 |       |       |       ||     1
  Eat: Chunk             |     1 |     1 |     4 |     8 |    16 |    16 |     6 |     3 |       ||    55
       Ration            |       |       |       |     1 |     2 |     4 |     3 |     3 |     3 ||    16
Armor: Robe              |     5 |     8 |    10 |       |       |       |       |       |       ||    23
       Leather armour    |       |       |       |    40 |       |       |       |       |       ||    40
       Ring mail         |       |       |       |     5 |       |       |       |       |       ||     5
       Troll leather arm |       |       |       |    36 |    96 |    23 |    13 |     7 |     3 ||   178
       Skin              |       |       |       |       |    93 |   425 |   277 |   307 |   110 ||  1212
Dodge: Dodged            |    21 |    28 |    39 |   367 |   764 |  1136 |   529 |   586 |   292 ||  3762
       Deflected         |       |       |       |       |       |    18 |    14 |    16 |     2 ||    50
Block: Buckler           |       |       |       |       |   187 |   163 |       |       |       ||   350
       Shield            |       |       |       |       |       |   405 |       |       |       ||   405
       Large shield      |       |       |       |       |       |   130 |  1048 |  1554 |   486 ||  3218
       Rpst.: Scimitar   |       |       |       |     2 |     4 |       |       |       |       ||     6

Levels and vault maps discovered:
D:1:      saegor_arrival_simple_d, layout_basic, cheibriados_altar_1
D:2:      layout_basic, chequers_serial_rivers_room_b
D:3:      layout_basic
D:4:      layout_basic, grunt_temple_overflow_opulence,
          minmay_temple_entry_mist, gammafunk_ghost_necromancy
D:6:      layout_basic, old_standard_altar, chequers_serial_rivers_room_a,
          nicolae_lava_and_water, minmay_crystal_water, fedhas_altar_fruit_tree
D:7:      layout_loops_ring, marbit_many_paths, basic_altar, bh_walls_and_bars,
          uniq_pikel
D:8:      layout_loops_corners, lightli_temple_of_fire,
          nicolae_dithmenos_the_darkroom, uniq_harold, uniq_joseph,
          uniq_gastronok
D:9:      layout_irregular_city, tso_oasis_becter
D:10:     layout_rooms, due_lair_maze_entry_diamond, hangedman_pestilent_swarm,
          uniq_erica
D:11:     layout_roguey, orc_0_dummy, enter_trove_3
D:12:     evilmike_library_of_no_secrets, layout_basic, minmay_misc_feat_five,
          chequers_guarded_unrand_ignorance, uniq_frances, uniq_urug
D:13:     minmay_the_grid_3x2 [minmay_the_grid_paths, minmay_the_grid_spin_star,
          minmay_the_grid_slots, minmay_the_grid_rooms, minmay_the_grid_garden,
          minmay_the_grid_prize_four_corners], layout_rooms
D:14:     layout_gridville, skrybe_vaults_entry_preservation, basic_altar,
          gauntlet_entry_generic
D:15:     grunt_enter_depths_magical_seal, layout_loops_cross, basic_altar,
          serial_shops, shop, minmay_misc_feat_plants,
          nicolae_gozag_cash_rules_everything_around_me
Lair:1:   layout_loops_ring, serial_rivers, chequers_serial_rivers_small_3,
          chequers_serial_rivers_small_3, chequers_serial_rivers_marsh,
          chequers_serial_rivers_small_3
Lair:2:   layout_cave_pods, spider_nest_entry_funnel_web, serial_bayou_pond_d,
          minmay_lair_oklob_chamber, grunt_megastairs_1, lemuel_fruit_fields
Lair:3:   layout_cave_pods, minmay_shoals_entry_centaurs, st_stairs_8,
          fungi_pond_lemuel, grunt_megastairs_3
Lair:4:   layout_long_grid, beast_lair_carwin_1
Lair:5:   layout_small_grid, st_stairs_7
Lair:6:   minmay_lair_end_enchanted_forest, layout_regular_city, slime_altar_1,
          ebering_ghost_disaster_area, serial_bayou, serial_bayou_pond_b,
          infiniplex_staircase_pool
Shoals:1: layout_shoals, portal_ice_cave_entry_frozen_things,
          nicolae_shoals_aquamancer_cove
Shoals:2: layout_shoals, gammafunk_ghost_grave, serial_shops, shop_statue
Shoals:3: layout_shoals
Shoals:4: shoals_end_simple, layout_shoals, serial_shops, shop, uniq_polyphemus
Spider:1: layout_chambers, nicolae_spider_circle_web, uniq_azrael
Spider:2: layout_spider_delve, drop_trap, uniq_louise, uniq_kirke
Spider:3: layout_spider_delve, nicolae_crawler_farm
Spider:4: spider_rune_water
Slime:1:  layout_caves, cheibrodos_slime_lost_civilization_7
Slime:2:  layout_caves
Slime:3:  layout_caves, uniq_dissolution
Slime:4:  layout_caves
Slime:5
Orc:1:    layout_diamond_mine, minmay_orc_temple_a
Orc:2:    pubby_orc_utopia
Elf:1:    elf_arrival_002, layout_geoelf_grid, basic_altar,
          hangedman_elf_disciples
Elf:2:    layout_geoelf_grid, serial_shops, shop
Elf:3:    minmay_elf_hall_not_hex, layout_geoelf_castle, serial_shops, shop,
          infiniplex_enter_wizlab_glasses, hex_tiny, hex_intersection
Vaults:1: gammafunk_vaults_ghost_spectres, nicolae_vaults_circle_grid_a,
          v_rooms_3, vaults_dpeg_hooks, v_rooms_1, v_misc_8,
          ontoclasm_vaults_gateway, layout_vaults_big_room, serial_shops,
          nicolae_shop_window_shopping
Vaults:2: v_misc_28, nicolae_vaults_circle_grid_a, hangedman_vaults_variations,
          ontoclasm_vaults_decontamination, vaults_room_corners,
          ontoclasm_vaults_ring_square, grunt_vaults_diagonal,
          ontoclasm_vaults_spin, v_alt_pattern_4, nicolae_vaults_display_case,
          v_misc_17, nicolae_vaults_little_squares_5, vaults_room_door_ring,
          vaults_room_stairs_pillars, layout_vaults_omnicross,
          portal_desolation_entry_ruin, serial_shops, shop
Vaults:3: nicolae_vaults_network_periphery, vaults_mumra_hexcomb,
          nicolae_vaults_ring_of_whatevers, v_alt_pattern_4, v_alt_pattern_4,
          vaults_dpeg_encased_lava, vaults_room_fours,
          nicolae_vaults_holding_cells, minmay_crypt_entry_simple_sparse,
          vaults_room_pool, vaults_mumra_chevron, grunt_vaults_twisty,
          layout_vaults_omnigrid
Vaults:4: dpeg_vaults_waves, ontoclasm_vaults_ring_square, v_misc_29,
          ontoclasm_vaults_chip, ontoclasm_vaults_misaligned,
          hangedman_vaults_trim, v_misc_32, layout_vaults_omnibox, serial_shops,
          shop
Vaults:5
Crypt:1:  layout_misc_corridors, uniq_sojobo
Crypt:2:  layout_rooms, basic_altar
Crypt:3:  due_elkab, layout_chaotic_city
Tomb:1

Table legend:
 A = Turns spent in this place as a percentage of turns spent in the entire game.
 B = Non-inter-level travel turns spent in this place as a percentage of non-inter-level travel turns spent in the entire game.
 C = Inter-level travel turns spent in this place as a percentage of turns spent in this place.
 D = Turns resting spent in this place as a percentage of non-inter-level travel turns spent in this place.
 E = Turns spent auto-exploring this place as a percentage of non-inter-level travel turns spent in this place.
 F = Non-inter-level travel turns spent in this place divided by the number of levels of this place that you've seen.
                   A       B       C       D       E      F
               +-------+-------+-------+-------+-------+----------------------
         Total | 100.0 | 100.0 |   1.6 |   0.1 |   0.0 | 421.5
       Dungeon |  35.7 |  35.4 |   2.3 |   0.0 |   0.0 | 543.9
          Lair |  16.0 |  15.6 |   3.9 |   0.0 |   0.0 | 558.3
        Shoals |   5.6 |   5.7 |   0.6 |   0.0 |   0.0 | 306.0
   Spider Nest |   6.2 |   6.3 |   0.0 |   0.0 |   0.0 | 340.2
    Slime Pits |   3.6 |   3.6 |   0.0 |   0.0 |   0.0 | 156.0
  Orcish Mines |   6.0 |   6.0 |   1.4 |   0.0 |   0.0 | 648.5
   Elven Halls |   4.5 |   4.5 |   1.6 |   0.0 |   0.0 | 322.3
        Vaults |  12.2 |  12.4 |   0.0 |   0.0 |   0.0 | 532.0
         Crypt |   1.8 |   1.8 |   0.0 |   0.0 |   0.0 | 130.0
          Tomb |   1.4 |   1.4 |   0.0 |  10.3 |   0.0 | 300.0
      Ice Cave |   2.5 |   2.5 |   0.0 |   0.0 |   0.0 | 538.0
        Wizlab |   1.6 |   1.6 |   0.0 |   0.0 |   0.0 | 351.0
    Desolation |   2.2 |   2.2 |   0.0 |   0.0 |   0.0 | 472.0
      Gauntlet |   0.9 |   0.9 |   0.0 |   0.0 |   0.0 | 194.0
               +-------+-------+-------+-------+-------+----------------------

Table legend:
 A = Kills in this place as a percentage of kills in entire the game.
 B = Kills by you in this place as a percentage of kills by you in the entire game.
 C = Kills by friends in this place as a percentage of kills by friends in the entire game.
 D = Other kills in this place as a percentage of other kills in the entire game.
 E = Experience gained in this place as a percentage of experience gained in the entire game.
 F = Experience gained in this place divided by the number of levels of this place that you have seen.
                   A       B       C       D       E      F
               +-------+-------+-------+-------+-------+----------------------
         Total | 100.0 | 100.0 | 100.0 | 100.0 | 100.0 | 19118.7
       Dungeon |  20.4 |  18.8 |  85.2 |  76.2 |   7.8 | 5461.8
          Lair |   9.5 |   9.5 |   3.7 |  14.3 |   5.4 | 8725.8
        Shoals |   5.1 |   5.2 |   0.0 |   0.0 |   5.8 | 14206.0
   Spider Nest |  11.4 |  11.7 |   0.0 |   0.0 |   8.9 | 21775.0
    Slime Pits |   4.7 |   4.7 |   7.4 |   0.0 |   9.5 | 18533.4
  Orcish Mines |   8.5 |   8.7 |   0.0 |   0.0 |   2.1 | 10354.0
   Elven Halls |   2.5 |   2.6 |   0.0 |   0.0 |   5.1 | 16545.3
        Vaults |  23.8 |  24.3 |   3.7 |   9.5 |  39.9 | 77823.0
         Crypt |   3.3 |   3.4 |   0.0 |   0.0 |   4.7 | 15436.0
          Tomb |   0.7 |   0.8 |   0.0 |   0.0 |   2.1 | 20513.0
      Ice Cave |   3.1 |   3.2 |   0.0 |   0.0 |   1.1 | 10473.0
        Wizlab |   1.7 |   1.7 |   0.0 |   0.0 |   2.1 | 20046.0
    Desolation |   4.6 |   4.7 |   0.0 |   0.0 |   4.9 | 47863.0
      Gauntlet |   0.7 |   0.7 |   0.0 |   0.0 |   0.5 | 4981.0
               +-------+-------+-------+-------+-------+----------------------
